 Dungeon Crawl Stone Soup version 0.29.0-4-gdea44cf6ec (webtiles) character file.

Game seed: 9488946665576710544

749 SnakkuSnakku7 the Martial Artist (level 7, -1/48 HPs)
             Began as a Barachi Transmuter on Aug 27, 2022.
             Was a Plaything of Xom.
             Slain by a wight
             ... wielding a +2 dire flail of freezing
              (17 damage)
             ... on level 4 of the Dungeon.
             The game lasted 00:07:33 (4463 turns).

SnakkuSnakku7 the Martial Artist (BaTm)             Turns: 4463, Time: 00:07:34

Health: -1/48      AC:  2    Str: 11    XL:     7   Next: 78%
Magic:  9/10       EV: 12    Int: 16    God:    Xom [.*....]
Gold:   233        SH:  0    Dex: 14    Spells: 6/10 levels left

rFire   . . .      SeeInvis .     - Unarmed
rCold   . . .      Faith    .   (no shield)
rNeg    + . .      Spirit   .   a - +0 robe
rPois   .          Reflect  .   (helmet currently unavailable)
rElec   .          Harm     .   (no cloak)
rCorr   .          Rampage  .   (no gloves)
Will    .....      Clarity  +   (boots currently unavailable)
Stlth   ++........              (no amulet)
HPRegen 0.16/turn               q - ring of positive energy
MPRegen 0.12/turn               (no ring)

@: appendages, slow
A: horns 2, talons 2, amphibious, slowness 1, strong legs 1, +LOS, thin skeletal
structure 1, clarity, mutation resistance 1
a: Hop, End Transformation, Renounce Religion


You were on level 4 of the Dungeon.
You worshipped Xom.
You were a plaything of Xom.
You had temporarily grown beastly horns and talons.
You visited 1 branch of the dungeon, and saw 5 of its levels.

You collected 233 gold pieces.

Inventory:

Armour
 a - a +0 robe (worn)
 p - a +0 helmet (melded)
 s - a +0 pair of boots (melded)
 u - a +0 buckler
Jewellery
 q - a ring of positive energy (left hand)
Wands
 r - a wand of flame (16)
Scrolls
 c - 2 scrolls of teleportation {unknown}
 d - 3 scrolls of vulnerability {unknown}
 f - a scroll of amnesia {unknown}
 g - 2 scrolls of fear {unknown}
 h - 8 scrolls of identify {unknown}
 i - a scroll of torment {unknown}
 j - a scroll of magic mapping {unknown}
 m - 2 scrolls of brand weapon {unknown}
 v - a scroll of blinking {unknown}
 w - a scroll of noise {unknown}
Potions
 e - 2 potions of might {unknown}
 k - a potion of mutation {unknown}
 l - a potion of invisibility {unknown}
 n - a potion of ambrosia {unknown}
 o - a potion of flight {unknown}
 t - a potion of brilliance {unknown}


   Skills:
 - Level 1.2 Fighting
 - Level 2.1 Dodging
 - Level 0.3 Stealth
 + Level 8.2 Unarmed Combat
 - Level 2.1 Spellcasting
 + Level 5.0 Transmutations
 - Level 2.0 Poison Magic


You had 6 spell levels left.
You knew the following spells:

 Your Spells              Type           Power      Damage    Failure   Level
a - Beastly Appendage     Tmut           36%        N/A       2%          1
b - Spider Form           Tmut/Pois      13%        N/A       14%         3

Your spell library contained the following spells:

 Spells                   Type           Power      Damage    Failure   Level
 Wereblood                Tmut           18%        N/A       3%          2
 Apportation              Tloc           2%         N/A       21%         1
 Poisonous Vapours        Pois/Air       8%         N/A       21%         2
 Ice Form                 Ice/Tmut       9%         N/A       56%         4
 Alistair's Intoxication  Tmut/Pois      8%         N/A       78%         5
 Corpse Rot               Necr/Pois/Air  3%         N/A       83%         4


Dungeon Overview and Level Annotations

Branches:
Dungeon (5/15)
 Temple: D:4-7

Altars:
Elyvilon
Okawaru
Xom

Shops:
D:4 :

Annotations:
D:1 2 transporters


Innate Abilities, Weirdness & Mutations

You have temporarily grown beastly horns and talons.
You are amphibious.
You cover ground slowly.
You can hop short distances.
You have an extended range of vision and can be seen from far away.
You have a somewhat thin skeletal structure. (Dex +2, Stealth+)
You possess an exceptional clarity of mind.
You are somewhat resistant to further mutation.


Message History

No target in view!
Things that are here:
a +4 scimitar; a +0 robe You start resting.
Magic restored.
You start resting.
Your transformation is almost over.
Your horns disappear.
Your talons disappear.
Your +0 helmet unmelds from your body.
Your +0 pair of boots unmelds from your body.
You start resting.
HP restored.
A wight and an orc priest come into view.
The wight is wielding a +2 dire flail of freezing.
An orc warrior comes into view. It is wielding a +0 glaive.
The orc priest moves out of view.
Things that are here:
a +4 scimitar; a +0 robe
There is a stone staircase leading up here.
Casting: Beastly Appendage (safe; 2% risk of failure)
Confirm with . or Enter, or press ? or * to list all spells.
You grow a pair of large bovine horns.
Your feet morph into talons.
Your +0 helmet melds into your body.
Your +0 pair of boots melds into your body.
The wight hits you with a +2 dire flail of freezing!
The wight freezes you.
You climb upwards.
There is a stone staircase leading down here.
You hit the wight but do no damage. Your headbutt misses the wight.
The wight hits you with a +2 dire flail of freezing!
The wight freezes you.
You are too injured to fight recklessly!
You are too injured to fight recklessly!
You are too injured to fight recklessly!
You are too injured to fight recklessly!
You barely miss the wight. You claw the wight. Your headbutt misses the wight.
You punch the wight!
The wight is heavily damaged.
The wight hits you with a +2 dire flail of freezing!
You die...

.##.....#.##........#####.##.....
.#..#####..+........# #..##.....
....# #..#........# ##.###.....
...## #...........# #..# #....#
..## ####.#.........# #.## #....#
.## #....#...#...#####.# #....#
.#####.##.#.#...........# #....#
..........#.#..z......#### ######
⌠.#.##..#.......@..#.....#
....#######.###.#...##...## ⌠.###
#.....#####8...8# ..# #.#####
####...## ### #.###8###⌠##...#
#.##...........##
#.#8...........8#
#.##...........##
#.##...##⌠###8##


You could see a wight.

Vanquished Creatures
  Menkaure (D:5)
  An ice beast (D:4)
  3 scorpions
  A wight (D:5)
  3 hounds
  An iguana (D:4)
  3 adders
  A dart slug (D:1)
  2 orcs
  A ball python (D:4)
  7 endoplasms
  5 goblins
  12 hobgoblins
  4 jackals (D:2)
  4 kobolds
  6 quokkas
  7 bats
  2 frilled lizards (D:1)
  9 rats
73 creatures vanquished.

Vanquished Creatures (collateral kills)
  2 orc priests (D:3)
  2 orcs (D:3)
  An endoplasm (D:3)
  A hobgoblin (D:3)
6 creatures vanquished.

Vanquished Creatures (others)
  A necrophage (D:3)
1 creature vanquished.

Grand Total: 80 creatures vanquished

Notes
Turn   | Place    | Note
-------+----------+-------------------------------------------
     0 | D:1      | SnakkuSnakku7 the Barachi Transmuter began the quest for
                  | the Orb.
     0 | D:1      | Reached XP level 1. HP: 15/15 MP: 3/3
   298 | D:1      | Found a faded altar of an unknown god.
   313 | D:1      | Reached XP level 2. HP: 18/21 MP: 5/5
   327 | D:1      | Prayed at the altar of an unknown god.
   327 | D:1      | Became a worshipper of Xom of Chaos
   327 | D:1      | XOM: silly message
   470 | D:1      | Reached skill level 4 in Unarmed Combat
   546 | D:1      | XOM: silly message
   878 | D:1      | Reached XP level 3. HP: 26/26 MP: 6/6
   882 | D:1      | Learned a level 3 spell: Spider Form
   978 | D:2      | XOM: silly message
  1135 | D:2      | XOM: confusion (+ monsters)
  1216 | D:2      | XOM: noise
  1420 | D:2      | Reached skill level 1 in Poison Magic
  1469 | D:2      | You fall into a shaft and drop 2 floors!
  1482 | D:4      | Found an iron altar of Okawaru.
  1485 | D:4      | Noticed a scorpion
  1515 | D:4      | Reached XP level 4. HP: 18/32 MP: 5/7
  1676 | D:3      | Reached skill level 5 in Unarmed Combat
  1678 | D:3      | Reached XP level 5. HP: 37/37 MP: 6/8
  1730 | D:2      | XOM: summons 3 hostile demons
  1797 | D:1      | XOM: noise
  2217 | D:3      | XOM: divine lightning
  2218 | D:3      | Reached skill level 6 in Unarmed Combat
  3037 | D:4      | Reached XP level 6. HP: 43/43 MP: 5/9
  3060 | D:4      | Found Nucegur's Vocational Training.
  3067 | D:4      | Noticed an ice beast
  3067 | D:4      | XOM: 6-stop teleportation journey
  3124 | D:4      | XOM: give mutations
  3124 | D:4      | Gained mutation: You have a somewhat thin skeletal
                  | structure. (Dex +2, Stealth+) [Xom's grace]
  3124 | D:4      | Gained mutation: You are somewhat resistant to further
                  | mutation. [Xom's grace]
  3124 | D:4      | Gained mutation: You possess an exceptional clarity of
                  | mind. [Xom's grace]
  3204 | D:4      | XOM: polymorph ball python -> goblin
  3263 | D:4      | XOM: silly message
  3314 | D:4      | XOM: silly message
  3319 | D:4      | Killed an ice beast
  3320 | D:4      | Reached skill level 7 in Unarmed Combat
  3490 | D:4      | Found a shimmering altar of Xom.
  3503 | D:4      | Found a white marble altar of Elyvilon.
  3565 | D:4      | Reached XP level 7. HP: 45/48 MP: 6/10
  3739 | D:5      | Entered Level 5 of the Dungeon
  3739 | D:5      | Noticed Menkaure
  3753 | D:5      | Killed Menkaure
  3754 | D:5      | HP: 2/48 [adder (2)]
  4108 | D:5      | Reached skill level 8 in Unarmed Combat
  4391 | D:5      | XOM: silly message
  4396 | D:5      | Reached skill level 5 in Transmutations
  4463 | D:4      | Slain by a wight

Illustrated notes

Levels and vault maps discovered:
D:1:      spicycebolla_arrival_transporter_tutorial, layout_basic,
          shapermc_ecumenical_altar_mp_urbaneastern, minmay_misc_feat_nine_boxes
D:2:      layout_loops_ring
D:3:      layout_basic
D:4:      layout_basic, okawaru_ov_weapons_minmay, minitemple,
          serial_corexii_hall, corexii_hall_statues_s, corexii_hall_statues_l,
          nicolae_shop_vocational
D:5:      layout_layer_cave, zin_scriptorium, dreamdust_wishing_well,
          uniq_menkaure, uniq_pikel, uniq_grinder, uniq_crazy_yiuf_cottage

Skill      XL: |  1  2  3  4  5  6  7 |
---------------+----------------------+-----
Unarmed Combat | 4 5 6 7 8 |  8.2
Poison Magic   | 1 2 |  2.0
Transmutations | 3 5 |  5.0
Fighting       | |  1.2
Dodging        | |  2.1
Stealth        | |  0.3
Spellcasting   | |  2.1

Action                   |  1- 3 |  4- 6 |  7- 9 || total
-------------------------+-------+-------+-------++-------
Melee: Unarmed           |   104 |    90 |    25 ||   219
       Punch             |     2 |     5 |     2 ||     9
       Headbutt          |     4 |     6 |     2 ||    12
       Kick              |     3 |     5 |     4 ||    12
 Cast: Beastly Appendage |     3 |     7 |     3 ||    13
       Spider Form       |       |     2 |     1 ||     3
 Abil: Hop               |       |     1 |     1 ||     2
Evoke: Wand              |       |     2 |     5 ||     7
  Use: Potion            |       |       |     1 ||     1
 Stab: Sleeping          |     1 |     1 |       ||     2
Armor: Robe              |    30 |    31 |       ||    61
       Skin              |       |       |     4 ||     4
Dodge: Dodged            |    77 |    75 |    10 ||   162
